 Dungeon Crawl Stone Soup version 0.23.2-1-ga50397a (webtiles) character file.

Game seed: 7505392237036036799

163 esteth the Grave Robber (level 5, -1/41 HPs)
             Began as a Demonspawn Necromancer on Apr 16, 2019.
             Slain by a worker ant (2 damage)
             ... on level 3 of the Dungeon.
             The game lasted 00:08:00 (3373 turns).

esteth the Grave Robber (Demonspawn Necromancer)    Turns: 3373, Time: 00:08:00

Health: -1/41      AC:  4    Str:  9    XL:     5   Next: 20%
Magic:  0/8        EV: 12    Int: 17    God:
Gold:   93         SH:  0    Dex: 13    Spells: 6/8 levels left

rFire    . . .     SeeInvis .   f - +2 dagger (protect)
rCold    . . .     Gourm    .   (no shield)
rNeg     . . .     Faith    .   a - +0 robe
rPois    .         Spirit   +   (helmet restricted)
rElec    .         Reflect  .   (no cloak)
rCorr    .         Harm     .   d - +0 pair of gloves
MR       .....                  e - +0 pair of boots
Stlth    ++........             (no amulet)
HPRegen  0.13/turn              (no ring)
MPRegen  0.11/turn              (no ring)

@: lethally poisoned (-1 -> -3)
A: horns 1, talons 1, magic shield
a: no special abilities


You were on level 3 of the Dungeon.
You were not hungry.

You visited 1 branch of the dungeon, and saw 3 of its levels.

You collected 93 gold pieces.

Inventory:

Hand Weapons
 f - a +2 dagger of protection (weapon)
Armour
 a - a +0 robe (worn)
 d - a +0 pair of gloves (worn)
 e - a +0 pair of boots (worn)
Scrolls
 i - 3 scrolls of remove curse {unknown}
 l - 5 scrolls of identify {unknown}
 m - a scroll of enchant armour {unknown}
 o - a scroll of random uselessness {unknown}
 p - a scroll of blinking {unknown}
Potions
 b - 2 potions of brilliance
 g - a potion of magic {unknown}
 j - a potion of berserk rage {unknown}
 n - a potion of agility {unknown}
Comestibles
 c - 6 rations


   Skills:
 + Level 3.6 Fighting
 - Level 1.7 Dodging
 - Level 1.7 Stealth
 - Level 2.0 Spellcasting
 + Level 5.7 Necromancy


You had 6 spell levels left.
You knew the following spells:

 Your Spells              Type           Power        Failure   Level  Hunger
a - Pain                  Necr           ###.         1%          1    #......
b - Animate Skeleton      Necr           N/A          1%          1    #......

Your spell library contained the following spells:

 Spells                   Type           Power        Failure   Level  Hunger
 Vampiric Draining        Necr           ###.......   5%          3    ###....
 Regeneration             Chrm/Necr      ##........   19%         3    ###....
 Animate Dead             Necr           N/A          19%         4    #####..


Dungeon Overview and Level Annotations

Branches:
Dungeon (3/15)

Altars:
Fedhas
Okawaru
Qazlal


Innate Abilities, Weirdness & Mutations

You have a pair of small horns on your head.
You have sharp toenails.
When hurt, damage is shared between your health and your magic reserves.


Message History

You feel sick.
You are no longer poisoned.
Okay, then.
You aren't carrying any items that you can evoke.
There is a stone staircase leading down here.
The worker ant bites you but does no damage.
The worker ant closely misses you.
You hit the bush but do no damage. The worker ant barely misses you.
You feel a little less clever now. The worker ant bites you.
* * * LOW HITPOINT WARNING * * *
You are lethally poisoned!
The worker ant poisons you!
* * * LOW HITPOINT WARNING * * *
You feel sick.
* * * LOW HITPOINT WARNING * * *
You feel sick.
* * * LOW HITPOINT WARNING * * *
You feel sick. The worker ant bites you.
You die...

##### #...# ###
### #.#.#
#.##############.#
#.#.#
#...........@a.K.#
#.#.#
#....###########.#
#.#.# ..
####.###.# ####.#
#.#.# .## #.....#
#...P### #.#.# ..#
# #####.#
#P.♣K..###.#.#
..#.# #.#
##.♣♣KPK##.#.#
..#.# #.#
#..♣♣...#.#.# ....
#.# #.PP♣♣♣♣..#.#
#.##########.#
#....♣♣.P.#.#


You could see a worker ant and a kobold.

Vanquished Creatures
  A bullfrog (D:3)
  A crimson imp (D:2)
  An adder (D:3)
  2 oozes
  2 dart slugs (D:1)
  2 leopard geckos
  4 orcs (D:3)
  3 giant cockroaches
  6 goblins
  5 hobgoblins
  3 jackals (D:1)
  4 kobolds
  A quokka (D:3)
  A ball python (D:3)
  10 bats
  A frilled lizard (D:2)
  8 rats
55 creatures vanquished.

Vanquished Creatures (collateral kills)
  An orc (D:3)
  A goblin (D:1)
  A rat (D:3)
3 creatures vanquished.

Grand Total: 58 creatures vanquished

Notes
Turn   | Place    | Note
-------+----------+-------------------------------------------
     0 | D:1      | esteth the Demonspawn Necromancer began the quest for the
                  | Orb.
     0 | D:1      | Reached XP level 1. HP: 13/13 MP: 3/3
   427 | D:1      | Learned a level 1 spell: Animate Skeleton
   641 | D:1      | Reached skill level 5 in Necromancy
   641 | D:1      | Gained mutation: When hurt, damage is shared between your
                  | health and your magic reserves. [demonic ancestry]
   641 | D:1      | Reached XP level 2. HP: 15/19 MP: 5/5
  1048 | D:1      | Reached XP level 3. HP: 24/24 MP: 4/6
  1778 | D:2      | Found an iron altar of Okawaru.
  1921 | D:2      | Gained mutation: You have a pair of small horns on your
                  | head. [demonic ancestry]
  1921 | D:2      | Reached XP level 4. HP: 31/33 MP: 7/7
  2002 | D:2      | Found a stormy altar of Qazlal.
  2036 | D:2      | Found a blossoming altar of Fedhas.
  2388 | D:3      | Noticed a bullfrog
  3071 | D:3      | Killed a bullfrog
  3071 | D:3      | Gained mutation: You have sharp toenails. [demonic
                  | ancestry]
  3071 | D:3      | Reached XP level 5. HP: 33/41 MP: 6/8
  3371 | D:3      | HP: 2/41 [poisoned by a worker ant]
  3373 | D:3      | Slain by a worker ant

Skill      XL: |  1  2  3  4 |
---------------+-------------+-----
Necromancy     | 5 |  5.7
Fighting       | 2 3 |  3.6
Dodging        | |  1.7
Stealth        | |  1.7
Spellcasting   | |  2.0

Action                   |  1- 3 |  4- 6 || total
-------------------------+-------+-------++-------
Melee: Dagger            |   277 |   119 ||   396
       Unarmed           |     7 |       ||     7
       Headbutt          |       |    10 ||    10
 Cast: Pain              |     4 |       ||     4
       Animate Skeleton  |     6 |     9 ||    15
  Use: Scroll            |       |     1 ||     1
       Potion            |       |     4 ||     4
 Stab: Sleeping          |     2 |     1 ||     3
       Distracted        |     1 |       ||     1
  Eat: Chunk             |     1 |     4 ||     5
       Ration            |     1 |       ||     1
Armor: Robe              |   119 |    55 ||   174
Dodge: Dodged            |   179 |   127 ||   306
